 Dungeon Crawl Stone Soup version 0.30-a0-778-g2ef04afb54 (webtiles) character file.

Game seed: 11967090271108937707

311 Dittersdorf the Shield-Bearer (level 6, -5/39 HPs)
             Began as a Gargoyle Fighter on Feb 16, 2023.
             Killed by divine providence
             ... invoked by an orc priest
              (13 damage)
             ... on level 4 of the Dungeon.
             The game lasted 00:03:40 (2892 turns).

Dittersdorf the Shield-Bearer (Gargoyle Fighter)    Turns: 2892, Time: 00:03:41

Health: -5/39      AC: 16    Str: 28    XL:     6   Next: 42%
Magic:  6/6        EV:  8    Int:  8    God:
Gold:   215        SH:  5    Dex: 15    Spells: 5/5 levels left

rFire   . . .      SeeInvis .    a - +0 flail
rCold   . . .      Faith    .    c - +0 buckler
rNeg    + . .      Spirit   .    t - +0 chain mail
rPois   ∞          Reflect  .    b - +0 helmet
rElec   +          Harm     .    (no cloak)
rCorr   .          Rampage  .    (no gloves)
Will    .....                    h - +0 pair of boots Stlth
                                 (no amulet)
HPRegen 0.26/turn                k - +6 ring of strength
MPRegen 0.10/turn                r - +6 ring of dexterity

@: no status effects
A: sickness immunity, AC +4, negative energy resistance 1, electricity
resistance, torment resistance 1, petrification resistance
a: no special abilities


You were on level 4 of the Dungeon.
You visited 1 branch of the dungeon, and saw 4 of its levels.

You collected 215 gold pieces.

Inventory:

Hand Weapons
 a - a +0 flail (weapon)
Armour
 b - a +0 helmet (worn)
 c - a +0 buckler (worn)
 h - a +0 pair of boots (worn)
 t - a +0 chain mail (worn)
Jewellery
 g - a ring of willpower
 i - a ring of protection from fire
 k - a +6 ring of strength (left hand)
 r - a +6 ring of dexterity (right hand)
 w - a ring of protection from cold
 y - a ring of willpower
Wands
 v - a wand of acid (9)
Scrolls
 f - 2 scrolls of teleportation
 l - 3 scrolls of poison
 n - a scroll of magic mapping {unknown}
 q - a scroll of fear {unknown}
 u - 2 scrolls of amnesia {unknown}
Potions
 d - 2 potions of might
 j - a potion of brilliance {unknown}
 m - a potion of haste {unknown}
 o - 2 potions of heal wounds
 p - a potion of flight {unknown}
 s - a potion of mutation {unknown}


   Skills:
 + Level 4.7 Fighting
 + Level 3.6 Maces & Flails
 + Level 4.7 Armour
 + Level 4.8 Shields


You had 5 spell levels left.
You didn't know any spells.
Your spell library contained the following spells:

 Spells                   Type           Power      Damage    Failure   Level
 Lesser Beckoning         Tloc           0%         N/A       99%         2
 Gell's Gravitas          Tloc           0%         N/A       100%        3
 Teleport Other           Tloc           0%         N/A       100%        3


Dungeon Overview and Level Annotations

Branches:
Dungeon (4/15)
 Temple: D:4-7

Altars:
Wu Jian


Innate Abilities, Weirdness & Mutations

You are immune to sickness and miasma.
Your stone body is resilient. (AC +4)
You are immune to poison.
You resist negative energy. (rN+)
You are resistant to electric shocks. (rElec)
You are resistant to unholy torment.
You are immune to petrification.


Message History

You are too injured to fight recklessly!
You are too injured to fight recklessly!
You are too injured to fight recklessly!
You are too injured to fight recklessly!
You are too injured to fight recklessly!
You are too injured to fight recklessly!
You are too injured to fight recklessly!
You are too injured to fight recklessly!
You are too injured to fight recklessly!
You are too injured to fight recklessly!
You are too injured to fight recklessly!
You are too injured to fight recklessly!
You are too injured to fight recklessly!
You are too injured to fight recklessly!
You are too injured to fight recklessly!
You are too injured to fight recklessly!
You miss the hound.
The hound is lightly wounded.
You block the hound's attack. The hound misses you.
You closely miss the hound.
The hound is lightly wounded.
You block the hound's attack. The hound bites you but does no damage.
You hit the hound.
The hound is heavily wounded.
The hound bites you but does no damage. The hound barely misses you.
You barely miss the hound.
The hound is heavily wounded.
The hound bites you.
* * * LOW HITPOINT WARNING * * *
The hound bites you.
* * * LOW HITPOINT WARNING * * *
You hit the hound.
The hound is almost dead.
The hound bites you but does no damage. The hound bites you.
* * * LOW HITPOINT WARNING * * *
You sock the hound!
You kill the hound!
The orc priest calls down the wrath of Beogh upon you.
Beogh smites you!
You die...

# #.##.#.## #
#.#.###.## #
#..## ##.# #
#.#.###..# #
#.##.#.#.# #
#.###.##.######
. #.#
####.#.....
....######.#
####.#.####
#oo)@..(#
#....#.#
#.########
#.####.# #.# #.#
#.# #.# #†# #.#
######.####.###
#.............#
#.####<####.#.##
#....##.......


You could see an orc priest and an orc.

Vanquished Creatures
  Sigmund (D:3)
  A scorpion (D:3)
  A hound (D:4)
  Robin (D:3)
  A white imp (D:4)
  2 worms
  A dart slug (D:2)
  2 orcs
  6 endoplasms
  13 goblins
  5 hobgoblins
  6 jackals (D:2)
  2 quokkas
  8 ball pythons
  8 bats
  4 frilled lizards
  5 kobolds
  6 rats
73 creatures vanquished.

Notes
Turn   | Place    | Note
-------+----------+-------------------------------------------
     0 | D:1      | Dittersdorf the Gargoyle Fighter began the quest for the
                  | Orb.
     0 | D:1      | Reached XP level 1. HP: 14/14 MP: 1/1
   215 | D:1      | Reached XP level 2. HP: 19/19 MP: 2/2
   893 | D:2      | Reached XP level 3. HP: 24/24 MP: 3/3
  1689 | D:3      | Noticed Sigmund
  1707 | D:3      | Killed Sigmund
  1708 | D:3      | Reached XP level 4. HP: 28/30 MP: 4/4
  1708 | D:3      | Reached XP level 5. HP: 32/34 MP: 5/5
  1876 | D:3      | Noticed Robin
  1913 | D:3      | Killed Robin
  1914 | D:3      | Reached XP level 6. HP: 38/39 MP: 6/6
  1966 | D:3      | Found an ornate altar of the Wu Jian Council.
  2436 | D:3      | Found a faded altar of an unknown god.
  2892 | D:4      | Killed from afar by an orc priest

Illustrated notes

Levels and vault maps discovered:
D:1:      lightli_arrival_statue_moat, layout_loops_ring, minmay_hexomino_c4
D:2:      layout_basic, grunt_decor_mini_mirrors
D:3:      layout_loops_ring, mainiacjoe_overflow_alcove_1,
          shapermc_ecumenical_altar_hornbeckon, serial_park_tiny_1,
          minmay_starry_boxes, uniq_sigmund, uniq_robin
D:4:      layout_loops_ring, hex_medium, minmay_circle_x

Skill      XL: |  1  2  3 |
---------------+----------+-----
Fighting       | 4 |  4.7
Maces & Flails | 3 |  3.6
Armour         | 4 |  4.7
Shields        | 4 |  4.8

Action                     |  1- 3 |  4- 6 || total
---------------------------+-------+-------++-------
  Melee: Flail             |   181 |    92 ||   273
    Use: Scroll            |       |     4 ||     4
 Armour: Scale mail        |   126 |     4 ||   130
         Chain mail        |       |    43 ||    43
  Dodge: Dodged            |   115 |    31 ||   146
  Block: Buckler           |    38 |    24 ||    62

Table legend: (Time is in decaauts)
 A = Elapsed time spent in this place.
 B = Non-inter-level travel time spent in this place.
 C = Inter-level travel time spent in this place.
 D = Time resting spent in this place.
 E = Time spent auto-exploring this place.
 F = Levels seen in this place.
 G = Mean time per level.
                   A        B        C        D        E       F      G
               +--------+--------+--------+--------+--------+-----+--------+
         Total |   2979 |   2861 |    118 |    136 |   2040 |   4 |  744.8 |
       Dungeon |   2979 |   2861 |    118 |    136 |   2040 |   4 |  744.8 |
               +--------+--------+--------+--------+--------+-----+--------+

Top non-repeatable levels by time:
     D:3: 1209 daAuts
     D:1: 813 daAuts
     D:2: 763 daAuts
     D:4: 193 daAuts
